Match 26418212
Unlisted

Match 26418212
End
Pioneer Squad
Construct Infanterie Kompanie
Selects Mechanized Battlegroup
Grenadier Squad
Grenadier Squad
Grenadier Squad
Construct Panzergrenadier Kompanie
Medical Station
Selects Raid Package
MG 42 Machine Gun Team
Selects 8 Rad Armored Car
8 Rad Armored Car
8 Rad Armored Car
8 Rad Armored Car
Selects Spotting Scopes
8 Rad Armored Car
Reakly
Anyyyxc
Some_Devil
ConcernedApe
0
0

Comments sign in to comment!

No comments posted yet!